 Dungeon Crawl Stone Soup version 0.19.4 (webtiles) character file.

62 Minion the Chopper (level 3, -1/31 HPs)
             Began as a Minotaur Chaos Knight on Feb 1, 2017.
             Killed from afar by Sigmund (11 damage)
             ... with a puff of flame
             ... on level 2 of the Dungeon.
             The game lasted 00:03:51 (1191 turns).

Minion the Chopper (Minotaur Chaos Knight)          Turns: 1191, Time: 00:03:53

Health: -1/31      AC:  2    Str: 14 (17) XL:     3   Next: 85%
Magic:  2/2        EV: 11    Int:  7 (9)  God:    Xom [......]
Gold:   101        SH:  0    Dex:  8 (9)  Spells: 0 memorised, 2 levels left

rFire  . . .     SeeInvis .     a - +0 hand axe (chaos)
rCold  . . .     Gourm    .     m - +0 robe (curse)
rNeg   . . .     Faith    .     (no shield)
rPois  .         Spirit   .     (helmet restricted)
rElec  .         Reflect  .     (no cloak)
rCorr  .         Harm     .     (no gloves)
MR     .....                    (no boots)
Stlth  +.........               (no amulet)
                                (no ring)
                                (no ring)

@: no status effects
A: retaliatory headbutt, horns 2
a: Renounce Religion


You were on level 2 of the Dungeon.
You worshipped Xom.
You were a very special plaything of Xom.
You were not hungry.

You visited 1 branch of the dungeon, and saw 2 of its levels.

You collected 101 gold pieces.

Inventory:

Hand Weapons
 a - a +0 hand axe of chaos (weapon)
Armour
 b - a +2 leather armour
 m - a cursed +0 robe (worn)
Scrolls
 e - a scroll of identify
 i - a scroll of fog
Potions
 d - a potion of mutation
Comestibles
 c - a bread ration
 f - a beef jerky
 k - a meat ration


   Skills:
 - Level 3.6 Fighting
 + Level 5.8 Axes
 - Level 2.4 Armour
 - Level 1.1 Dodging


You had 2 spell levels left.
You didn't know any spells.

Dungeon Overview and Level Annotations

Branches:
Dungeon (2/15)

Altars:

Annotations:
D:2 Sigmund


Innate Abilities, Weirdness & Mutations

You reflexively headbutt those who attack you in melee.
You have a pair of horns on your head.


Message History

Sigmund closely misses you.
You hit Sigmund but do no damage. Your headbutt misses Sigmund.
Sigmund is severely wounded.
You barely miss Sigmund.
Sigmund is severely wounded.
Sigmund barely misses you. You furiously retaliate!
You headbutt Sigmund! You barely miss Sigmund.
Sigmund is almost dead.
Sigmund closely misses you.
You closely miss Sigmund. Your headbutt misses Sigmund.
Sigmund is almost dead.
You closely miss Sigmund.
Sigmund is almost dead.
Sigmund closely misses you.
You closely miss Sigmund.
Sigmund is almost dead.
Sigmund points at you and mumbles some strange words.
The puff of flame hits you!
You die... "It's all fun and games until someone loses an eye."

#.......##.# ..... .....
.....#.##.# .....##...#
#!........#
..........####.........#
......bb...............#
.....bbb................
.....b.b..# ##.........#
#..@...# ######.#...
#.b.@..#########.#.##
###.#[...............
#.##..########.#.##
##.##..## #.#.
.........### # #.#
###.##.....# #.#
##.###....# #.#
..).......# #.#
##.##.....# #####.#


You could see Sigmund.

Vanquished Creatures
  2 adders (D:2)
  2 oozes (D:1)
  2 dart slugs
  A leopard gecko (D:1)
  2 giant cockroaches (D:1)
  3 goblins (D:1)
  4 hobgoblins (D:1)
  2 jackals (D:2)
  A quokka (D:2)
  4 bats
  2 frilled lizards (D:2)
  3 kobolds (D:1)
  3 rats
31 creatures vanquished.

Notes
Turn   | Place    | Note
-------+----------+-------------------------------------------
     0 | D:1      | Minion the Minotaur Chaos Knight began the quest for the Orb.
     0 | D:1      | Reached XP level 1. HP: 19/19 MP: 0/0
    75 | D:1      | Reached skill level 4 in Axes
   279 | D:1      | Reached XP level 2. HP: 26/26 MP: 1/1
   470 | D:1      | Reached skill level 5 in Axes
   510 | D:1      | Reached XP level 3. HP: 28/31 MP: 2/2
   856 | D:2      | XOM: silly message
   857 | D:2      | XOM: confuse monster(s)
  1176 | D:2      | Noticed Sigmund
  1176 | D:2      | XOM: harmless Pois miscast
  1176 | D:2      | XOM: butterfly on damage
  1183 | D:2      | XOM: harmless Tloc miscast
  1184 | D:2      | XOM: butterfly on damage
  1191 | D:2      | Killed from afar by Sigmund

Skill      XL: |  1  2 |
---------------+-------+-----
Axes           | 4 5 |  5.8
Fighting       | |  3.6
Armour         | |  2.4
Dodging        | |  1.1

Action                   || total
-------------------------++-------
Melee: Hand axe          ||    70
       Headbutt          ||     8
  Use: Scroll            ||     3
       Potion            ||     2
 Stab: Petrified         ||     2
       Petrifying        ||     1
       Sleeping          ||     1
  Eat: Chunk             ||     1
Armor: Leather armour    ||    17
Dodge: Dodged            ||    40
